 Dungeon Crawl Stone Soup version 0.32-a0-450-g080537f31e (webtiles) character file.

Game seed: 1753897605948309393

7195 Dittersdorf the Fighter (level 11, -4/72 HPs)
             Began as a Gargoyle Fighter on Feb 23, 2024.
             Was an Initiate of Gozag.
             Slain by a two-headed ogre
             ... wielding a +0 giant spiked club
              (15 damage)
             ... on level 9 of the Dungeon.
             The game lasted 00:10:49 (11172 turns).

Dittersdorf the Fighter (Gargoyle Fighter)         Turns: 11172, Time: 00:10:50

Health: -4/72      AC: 28    Str: 24    XL:     11   Next: 11%
Magic:  11/11      EV:  7    Int:  9    God:    Gozag
Gold:   1685       SH:  6    Dex: 15    Spells: 6/10 levels left

rFire   . . .        a - +0 flail (flame)
rCold   . . .        c - +0 buckler
rNeg    + . .        h - +0 plate armour
rPois   ∞            i - +0 helmet
rElec   +            n - +2 cloak
rCorr   .            (no gloves)
SInv    .            A - +0 pair of boots
Will    .....        (no amulet) Stlth
                     o - +6 ring of dexterity
HPRegen 0.32/turn    t - ring of flight
MPRegen 0.12/turn

%: no passive effects
@: gold aura, flying
A: sickness immunity, AC +8, negative energy resistance 1, electricity
resistance, torment resistance 1, petrification resistance
a: Renounce Religion, Potion Petition, Call Merchant, Bribe Branch


You were on level 9 of the Dungeon.
You worshipped Gozag.
Gozag was most pleased with you.
You visited 2 branches of the dungeon, and saw 11 of its levels.
You also visited: Sewer.

You collected 1886 gold pieces.
You paid 201 gold pieces to Gozag.

Inventory:

Hand Weapons
 a - a +0 flail of flaming (weapon)
Missiles
 j - 5 curare-tipped darts (quivered)
Armour
 c - a +0 buckler (worn)
 h - a +0 plate armour (worn)
 i - a +0 helmet (worn)
 n - a +2 cloak (worn)
 A - a +0 pair of boots (worn)
Magical Staves
 k - a staff of earth
Jewellery
 o - a +6 ring of dexterity (left hand)
 t - a ring of flight (right hand)
 w - a ring of wizardry
Scrolls
 b - 6 scrolls of teleportation
 e - 2 scrolls of blinking
 p - 2 scrolls of poison
 x - 2 scrolls of revelation
 y - 4 scrolls of fog
Potions
 d - a potion of might
 f - 3 potions of brilliance
 g - 2 potions of curing {unknown}
 l - 3 potions of berserk rage
 m - a potion of enlightenment {unknown}
 q - 2 potions of resistance {unknown}
 r - 4 potions of heal wounds {unknown}
 s - 2 potions of haste {unknown}
 u - a potion of ambrosia {unknown}
 v - 2 potions of magic {unknown}
 z - 2 potions of mutation {unknown}


   Skills:
 + Level 9.9 Fighting
 + Level 8.7 Maces & Flails
 + Level 9.8 Armour
 + Level 9.8 Shields


You had 6 spell levels left.
You knew the following spells:

 Your Spells              Type           Power      Damage    Failure   Level
a - Passwall              Erth           0%         N/A       100%        3
b - Sandblast             Erth           0%         2d4       99%         1

Your spell library contained the following spells:

 Spells                   Type           Power      Damage    Failure   Level
 Magic Dart               Conj           0%         1d3       99%         1
 Shock                    Conj/Air       0%         1d3       99%         1
 Sting                    Conj/Alch      0%         1d3       99%         1
 Summon Small Mammal      Summ           0%         N/A       99%         1
 Mercury Vapours          Alch/Air       0%         N/A       100%        2
 Searing Ray              Conj           0%         2d4       100%        2
 Call Canine Familiar     Summ           0%         N/A       100%        3
 Stone Arrow              Conj/Erth      0%         3d7       100%        3
 Swiftness                Air            0%         N/A       100%        3
 Airstrike                Air            0%         2d(0-16)  100%        4
 Brom's Barrelling Bould  Conj/Erth      0%         2d3       100%        4
 Fulminant Prism          Conj/Alch      0%         3d5       100%        4
 Ignite Poison            Fire/Alch      0%         N/A       100%        4
 Olgreb's Toxic Radiance  Alch           0%         N/A       100%        4
 Summon Blazeheart Golem  Fire/Summ      0%         N/A       100%        4
 Freezing Cloud           Conj/Ice/Air   0%         6-21      100%        5
 Cigotuvi's Dreadful Rot  Necr/Alch/Air  Unusable   N/A       N/A         2

Dungeon Overview and Level Annotations

Branches:
Dungeon (10/15)            Temple (1/1) D:5            Lair (0/5) D:10
  Sewer (visited)
    Orc: D:9-12

Altars:
Ashenzari
Cheibriados
Dithmenos
Elyvilon
Fedhas
Gozag
Hepliaklqana
Kikubaaqudgha
Makhleb
Nemelex Xobeh
Okawaru
Qazlal
Ru
Sif Muna
Trog
Uskayaw
Vehumet
Wu Jian
Xom
Yredelemnul
Zin
The Shining One

Shops:
D:2 :


Innate Abilities, Weirdness & Mutations

You are immune to sickness and miasma.
Your stone body is resilient. (AC +8)
You are immune to poison.
You resist negative energy. (rN+)
You are resistant to electric shocks. (rElec)
You are resistant to unholy torment.
You are immune to petrification.


Message History

You hit the ice beast but do no damage.
The ice beast hits you but does no damage.
You sock the ice beast!
You melt the ice beast.
The ice beast is heavily wounded.
The ice beast barely misses you.
The two-headed ogre hits you but does no damage.
The two-headed ogre hits you with a +0 giant club!
You barely miss the ice beast.
The ice beast is heavily wounded.
The ice beast hits you but does no damage.
You hit the ice beast.
You melt the ice beast.
The ice beast is severely wounded.
You block the ice beast's attack.
You hit the ice beast.
You melt the ice beast.
The ice beast is almost dead.
The ice beast hits you but does no damage.
The two-headed ogre hits you with a +0 giant spiked club!
The two-headed ogre hits you with a +0 giant club!
You hit the ice beast.
You melt the ice beast.
The ice beast is almost dead.
The two-headed ogre is no longer moving slowly.
The ice beast hits you but does no damage.
You hit the ice beast.
You melt the ice beast.
You kill the ice beast!
The two-headed ogre hits you but does no damage. x2
You see here 12 gold pieces.
The two-headed ogre hits you but does no damage. x2
There is a stone staircase leading down here.
You hit the two-headed ogre. You burn the two-headed ogre.
The two-headed ogre is moderately wounded.
The two-headed ogre hits you with a +0 giant spiked club!!
* * * LOW HITPOINT WARNING * * *
The two-headed ogre hits you but does no damage.
You completely miss the two-headed ogre.
The two-headed ogre is heavily wounded.
You hit the two-headed ogre. You burn the two-headed ogre.
The two-headed ogre is heavily wounded.
The two-headed ogre hits you with a +0 giant spiked club!
You die...
Your body crumbles into a pile of gold.

# #.##################.# #
#.##.................# #
#####.##.############.....
########........# #.##.#
.........###.###############.##.#
############.##..............)..)
...##....................###.##.#
...##.######.###$######....))##.#
...##.# #.# #@# #..###.....
#.###.# #.###O# #..# #.##.. #.#
#.# #.#...# #..###.##.. #.###.#
#.#.### #.......... ......# #.#.#
#####.######.. #.##### #.#.#
#.....######.. #.# #.#.#
#...##........ #.#
#.#.#####...##.#####.. #.#
#.#.##................


You could see a two-headed ogre (poisoned).

Vanquished Creatures
  Sonja (D:9)
  Joseph (D:7)
  A rime drake (D:10)
  Prince Ribbit (D:6)
  A hornet (D:9)
  Sigmund (D:5)
  A wyvern (D:9)
  5 yaks (D:8)
  A water moccasin (D:8)
  2 orc warriors
  3 black bears
  8 ice beasts
  An ogre (D:5)
  3 wolves
  A centaur (D:8)
  3 phantoms
  A kobold brigand (D:9)
  6 bullfrogs
  A gnoll sergeant (D:9)
  6 scorpions
  16 killer bees
  A howler monkey (D:7)
  2 bombardier beetles (D:5)
  A jelly (D:4)
  2 gnoll boudas (D:5)
  3 orc priests
  2 hounds (D:6)
  A sleepcap (D:5)
  6 iguanas
  3 orc wizards
  Robin (D:3)
  17 adders
  8 gnolls
  3 river rats (Sewer)
  A shadow imp (D:7)
  2 white imps
  6 ufetubi (D:6)
  2 dart slugs
  5 ribbon worms
  18 orcs
  6 bats
  5 endoplasms
  3 giant cockroaches
  12 goblins
  9 hobgoblins
  2 jackals (D:2)
  6 quokkas
  12 ball pythons
  7 frilled lizards
  14 kobolds
  20 rats
244 creatures vanquished.

Vanquished Creatures (others)
  A troll (D:9)
1 creature vanquished.

Grand Total: 245 creatures vanquished

Notes
Turn   | Place    | Note
-------+----------+-------------------------------------------
     0 | D:1      | Dittersdorf the Gargoyle Fighter began the quest for the
                  | Orb.
     0 | D:1      | Reached XP level 1. HP: 14/14 MP: 1/1
   153 | D:1      | Found a faded altar of an unknown god.
   180 | D:1      | Reached XP level 2. HP: 19/19 MP: 2/2
   778 | D:2      | Reached XP level 3. HP: 17/24 MP: 3/3
   836 | D:2      | Found Nibacasi's Book Boutique.
  1331 | D:2      | Reached XP level 4. HP: 29/29 MP: 4/4
  2305 | D:3      | Noticed Robin
  2399 | D:3      | Killed Robin
  2400 | D:3      | Reached XP level 5. HP: 33/33 MP: 5/5
  3481 | D:4      | Noticed a phantom
  3491 | D:4      | Killed a phantom
  3492 | D:4      | Reached XP level 6. HP: 35/39 MP: 6/6
  3639 | D:5      | Entered Level 5 of the Dungeon
  3744 | D:5      | Noticed a black bear
  3747 | D:5      | Killed a black bear
  3748 | D:5      | Reached skill level 5 in Fighting
  3748 | D:5      | Reached skill level 5 in Armour
  3748 | D:5      | Reached skill level 5 in Shields
  3748 | D:5      | Reached XP level 7. HP: 44/44 MP: 7/7
  3963 | D:5      | Reached XP level 8. HP: 44/51 MP: 8/8
  4208 | D:5      | Reached skill level 5 in Maces & Flails
  4405 | D:4      | Learned a level 3 spell: Passwall
  4407 | D:4      | Learned a level 1 spell: Sandblast
  4682 | D:5      | Found a staircase to the Ecumenical Temple.
  4899 | Temple   | Entered the Ecumenical Temple
  4905 | Temple   | Became a worshipper of Gozag Ym Sagoz the Greedy
  5297 | D:5      | Noticed Sigmund
  5310 | D:5      | Killed Sigmund
  5408 | D:5      | Found a staircase to the Ecumenical Temple.
  6264 | D:6      | Found a glowing drain.
  6312 | Sewer    | Entered a sewer
  6595 | Sewer    | Reached XP level 9. HP: 52/57 MP: 9/9
  7079 | D:6      | Noticed Prince Ribbit
  7091 | D:6      | Killed Prince Ribbit
  7199 | D:6      | Found a hide-covered altar of Uskayaw.
  7203 | D:6      | Found an ornate altar of the Wu Jian Council.
  7207 | D:6      | Found a glowing golden altar of the Shining One.
  7211 | D:6      | Found a white marble altar of Elyvilon.
  7799 | D:7      | Noticed Joseph
  7821 | D:7      | Killed Joseph
  8152 | D:7      | Reached XP level 10. HP: 35/64 MP: 10/10
 10663 | D:10     | Entered Level 10 of the Dungeon
 10663 | D:10     | Noticed Sonja
 10891 | D:9      | Killed Sonja
 10892 | D:9      | Reached XP level 11. HP: 36/72 MP: 11/11
 11075 | D:10     | Found a staircase to the Lair.
 11137 | D:10     | Noticed a two-headed ogre
 11172 | D:9      | Slain by a two-headed ogre

Illustrated notes

Levels and vault maps discovered:
D:1:      roderic_dead_forest, layout_basic, ebering_ecumenical_altar_box
D:2:      layout_basic, serial_shops, nicolae_shop_tiny_statue_garden,
          minmay_hedge_maze, cheibrodos_gnoll_hut
D:3:      layout_basic, minmay_misc_feat_square, uniq_robin
D:4:      layout_basic, minmay_misc_feat_tiny
D:5:      minmay_polygon_palace, layout_basic, minmay_temple_entry_trees,
          minmay_misc_feat_chi, uniq_sigmund
D:6:      layout_basic, nicolae_overflow_macrodata_refinement,
          cheibrodos_sewer_entry_bend, hex_large, uniq_prince_ribbit1
D:7:      layout_loops_cross, hangedman_decor_push, uniq_joseph
D:8:      layout_basic
D:9:      layout_loops_ring
D:10:     layout_small_grid, hellmonk_lair_entry_icy, uniq_psyche, uniq_sonja,
          uniq_josephine
Temple:   nicolae_temple_no_exploring_needed

Skill      XL: |  1  2  3  4  5  6  7  8  9 10 |
---------------+-------------------------------+-----
Fighting       | 4 5 7 8 9 |  9.9
Armour         | 4 5 6 8 9 |  9.8
Shields        | 4 5 6 8 9 |  9.8
Maces & Flails | 3 4 5 7 8 |  8.7

Action                     |  1- 3 |  4- 6 |  7- 9 | 10-12 || total
---------------------------+-------+-------+-------+-------++-------
  Melee: Flail             |   261 |   152 |   492 |   311 ||  1216
  Throw: Dart              |       |       |     2 |     3 ||     5
  Evoke: Wand              |       |     3 |     1 |       ||     4
    Use: Scroll            |       |     4 |     9 |     3 ||    16
         Potion            |       |       |       |     1 ||     1
   Stab: Distracted        |       |       |     7 |     2 ||     9
 Armour: Scale mail        |    83 |    50 |       |       ||   133
         Chain mail        |       |   108 |   390 |       ||   498
         Plate armour      |       |       |   106 |   295 ||   401
  Dodge: Dodged            |    57 |    85 |   211 |   103 ||   456
  Block: Buckler           |    22 |    43 |   174 |   107 ||   346

Table legend: (Time is in decaauts)
 A = Elapsed time spent in this place.
 B = Non-inter-level travel time spent in this place.
 C = Inter-level travel time spent in this place.
 D = Time resting spent in this place.
 E = Time spent auto-exploring this place.
 F = Levels seen in this place.
 G = Mean time per level.
                   A        B        C        D        E       F      G
               +--------+--------+--------+--------+--------+-----+--------+
         Total |  11387 |  10836 |    551 |   1254 |   7015 |  12 |  948.9 |
       Dungeon |  10997 |  10456 |    541 |   1254 |   6794 |  10 | 1099.7 |
        Temple |     12 |      2 |     10 |      0 |      0 |   1 |   12.0 |
         Sewer |    377 |    377 |      0 |      0 |    221 |   1 |  377.0 |
               +--------+--------+--------+--------+--------+-----+--------+

Top non-repeatable levels by time:
     D:5: 2389 daAuts
     D:9: 1478 daAuts
     D:2: 1415 daAuts
     D:6: 1155 daAuts
     D:7: 1015 daAuts
     D:4: 975 daAuts
     D:8: 904 daAuts
     D:1: 793 daAuts
     D:3: 721 daAuts
   Sewer: 377 daAuts
    D:10: 148 daAuts
  Temple: 12 daAuts
